[Event "*** SCC Grand Prix: Titled Tuesday Blitz"]
[Site "Chess.com"]
[Date "2020.10.13"]
[Round "8"]
[White "MatyChess1"]
[Black "yourstrulyme"]
[Result "0-1"]
[WhiteElo "2563"]
[BlackElo "2452"]
[TimeControl "180+1"]
[EndTime "11:33:48 PDT"]
[Termination "yourstrulyme won on time"]

1. e4 b6 2. d4 Bb7 3. Bd3 Nf6 4.
Qe2 Nc6 5. c3 e5 6. Nf3 d6 7.
Ba6 Qc8 8. Bxb7 Qxb7 9. O-O Be7 10. dxe5 Nxe5 11. Nxe5 dxe5 12. Re1 O-O 13. Bg5 Rad8 14. Nd2 h6 15. Bh4 Rfe8 16. Nc4 Nd7 17. Bg3 f6 18. h4 Nc5 19. h5 Qc6 20. b3 a5 21. Rad1 Rxd1 22.
Qxd1 Rd8 23. Qg4 a4 24. Kh2 axb3 25. axb3 Nxb3 26. Ne3 Bf8 27. Nf5 Kh8 28. f3 Qxc3 29.
Qg6 Qc6 30. Bf2 Qe8 31. Qg4 c5 32. Rb1 c4 33. Bxb6 Rb8 34. Be3 c3 0-1

[Event "*** SCC Grand Prix: Titled Tuesday Blitz"]
[Site "Chess.com"]
[Date "2020.10.13"]
[Round "8"]
[White "amintabatabaei"]
[Black "Azerichess"]
[Result "0-1"]
[WhiteElo "2918"]
[BlackElo "2970"]
[TimeControl "180+1"]
[EndTime "11:33:51 PDT"]
[Termination "Azerichess won on time"]

1. d4 Nf6 2. Nf3 g6 3. Bf4 Bg7 4. e3 O-O 5. Be2 d6 6. O-O Nbd7 7. h3 Qe8 8. c4 e5 9. Bh2 Qe7 10. Nc3 c6 11. Qc2 Re8 12. dxe5 Nxe5 13. Nxe5 dxe5 14.
Rfd1 Bf5 15. Bd3 Bxd3 16. Rxd3 Rad8 17. Rad1 Rxd3 18. Qxd3 h5 19. Bg3 Qe6 20. Bh4 e4 21. Qe2 Nd7 22. Bg3 Bxc3 23. bxc3 Nc5 24. Rd6 Qe7 25. Qd2 h4 26. Bh2 Nd3 27. Rd4 c5 28. Rd5 Rd8 29. Qc2 b6 30. f3 Rxd5 31. cxd5 Qg5 32.
Bf4 Qxd5 33. c4 Qf5 34. fxe4 Qxe4 35. Bg5 f6 36. Bxf6 Qxe3+ 37. Kh1 Nf2+ 38. Kh2 Qf4+ 39.
Kg1 Nxh3+ 40. gxh3 Qxf6 0-1

[Event "*** SCC Grand Prix: Titled Tuesday Blitz"]
[Site "Chess.com"]
[Date "2020.10.13"]
[Round "8"]
[White "Fy_Rakotomaharo"]
[Black "onnoelgersma"]
[Result "1-0"]
[WhiteElo "2652"]
[BlackElo "2482"]
[TimeControl "180+1"]
[EndTime "11:33:51 PDT"]
[Termination "Fy_Rakotomaharo won on time"]

1. e4 c5 2. Nf3 e6 3. d4 cxd4 4. Nxd4 Nf6 5. Nc3 Nc6 6. Ndb5 d6 7. a4 a6 8. Na3 d5 9. exd5 exd5 10. Bd3 Bd6 11. O-O O-O 12. Bg5 Be6 13. Nab1 Be5 14. Nd2 h6 15. Bh4 Qb6 16. Nb3 Qc7 17. Bg3 Rfe8 18.
a5 Rad8 19. Re1 Bxg3 20. hxg3 d4 21. Ne4 Nxe4 22. Bxe4 Bxb3 23. cxb3 Nxa5 24. Qh5 Nxb3 25. Rad1 d3 26. Bd5 Rxe1+ 27. Rxe1 Nd4 28. Rd1 Ne2+ 29. Kf1 Rxd5 30. Qxd5 Nc1 31. Qd4 Qc2 32. Re1 d2 33.
Re8+ Kh7 34. Rd8 Nd3 35. Qxd3+ 1-0

[Event "*** SCC Grand Prix: Titled Tuesday Blitz"]
[Site "Chess.com"]
[Date "2020.10.13"]
[Round "8"]
[White "boasovietica"]
[Black "anon569"]
[Result "1-0"]
[WhiteElo "2412"]
[BlackElo "2272"]
[TimeControl "180+1"]
[EndTime "11:33:51 PDT"]
[Termination "boasovietica won by resignation"]

1. e4 c5 2. Nf3 d6 3. d4 cxd4 4.
Nxd4 Nf6 5. Nc3 a6 6. Be3 e6 7. Be2 Qc7 8. O-O Nbd7 9. f4 b5 10. Bf3 Bb7 11. f5 e5 12. Ne6 fxe6 13. fxe6 Nc5 14.
Nd5 Nxd5 15. exd5 O-O-O 16. c4 b4 17. b3 Be7 18. a3 bxa3 19. b4 e4 20. bxc5 exf3 21.
c6 Bxc6 22. dxc6 Qxc6 23. Rxa3 Kc7 24. Rxf3 Rhf8 25. Rb3 Rxf3 26. Bb6+ Kc8 27. Qxf3 Qxf3 28. Rxf3 Rf8 29. Rxf8+ Bxf8 30. Kf2 Kb7 31. Bd8 Kc6 32. e7 Bxe7 33. Bxe7 Kc5 34. Ke3 Kxc4 35. Bxd6 a5 36. Kf4 Kb3 37. Kg5 a4 38. Be5 a3 39. Bxg7 1-0

[Event "*** SCC Grand Prix: Titled Tuesday Blitz"]
[Site "Chess.com"]
[Date "2020.10.13"]
[Round "8"]
[White "SHIVACalypso"]
[Black "IngOscarArdila"]
[Result "1-0"]
[WhiteElo "2365"]
[BlackElo "2159"]
[TimeControl "180+1"]
[EndTime "11:33:51 PDT"]
[Termination "SHIVACalypso won on time"]

1. Nf3 Nf6 2. c4 g6 3. g3 Bg7 4.
Bg2 d6 5. O-O Nbd7 6. Nc3 e5 7. d3 O-O 8. Rb1 Re8 9. Nd2 a5 10.
a3 c6 11. b4 axb4 12. axb4 Nf8 13. b5 Bd7 14. Qc2 Ne6 15. e3 Nc5 16. Nb3 Nxb3 17. Qxb3 Rb8 18. Ba3 Bf8 19. Rb2 c5 20. b6 Qc8 21. Rfb1 Bc6 22. Bxc6 Qxc6 23. e4 Ra8 24. Ra2 Ra5 25. Bc1 Rea8 26. Rxa5 Rxa5 27. Bg5 Nd7 28. Nd5 h6 29. Bd8 Kg7 30. Qd1 Qa4 31. Qf3 Qc2 32.
Rf1 Ra2 33. Qg4 Qa4 34. h4 h5 35. Qg5 Ra1 36. Be7 Rxf1+ 37. Kxf1 Qd1+ 38. Kg2 Qxd3 39. Bxf8+ Nxf8 40. Qf6+ Kh6 41. Qh8+ Nh7 42. Nf6 1-0

[Event "*** SCC Grand Prix: Titled Tuesday Blitz"]
[Site "Chess.com"]
[Date "2020.10.13"]
[Round "8"]
[White "albi1999"]
[Black "TrimitziosP7"]
[Result "1-0"]
[WhiteElo "2633"]
[BlackElo "2815"]
[TimeControl "180+1"]
[EndTime "11:33:52 PDT"]
[Termination "albi1999 won on time"]

1. d4 Nf6 2. c4 e6 3. Nf3 c5 4. d5 exd5 5. cxd5 b5 6. e4 Nxe4 7. Bd3 Nd6 8. O-O Be7 9. Re1 O-O 10. Qc2 g6 11. Qxc5 Na6 12. Qd4 Bf6 13. Qf4 Nc4 14.
Nc3 Nc5 15. Bxc4 bxc4 16. Qxc4 d6 17. Bh6 Re8 18. Rxe8+ Qxe8 19. Qf4 Qe7 20. Re1 Bf5 21. Rxe7 Bxe7 22. Qd4 f6 23. b4 Nd7 24. Qe3 Ne5 25. Nd4 Bd7 26. f4 Bd8 27. fxe5 dxe5 28. Nb3 Bb6 29.
Nc5 a5 30. a3 axb4 31. axb4 Ra3 32. Qd2 Kf7 33. Be3 Be8 34. d6 Bc6 35. Kf2 f5 36. b5 Ba8 37. d7 f4 38. Bxf4 exf4 39. d8=Q Bxc5+ 40. Ke2 1-0

[Event "*** SCC Grand Prix: Titled Tuesday Blitz"]
[Site "Chess.com"]
[Date "2020.10.13"]
[Round "8"]
[White "CheckThis4"]
[Black "tandaleo"]
[Result "1/2-1/2"]
[WhiteElo "2582"]
[BlackElo "2346"]
[TimeControl "180+1"]
[EndTime "11:33:52 PDT"]
[Termination "Game drawn by repetition"]

1. e4 e5 2. Nf3 Nc6 3. Bb5 a6 4. Ba4 Nf6 5. O-O Be7 6. d4 exd4 7. e5 Ne4 8. Nxd4 Nc5 9. Nxc6 dxc6 10. Qxd8+ Bxd8 11. Bb3 Nxb3 12. axb3 O-O 13. Nc3 Bf5 14. Na4 Bxc2 15.
Bf4 Be7 16. e6 fxe6 17. Bxc7 Bxb3 18. Nb6 Rae8 19. Rac1 Bd5 20. f4 Rf7 21. Be5 Bb4 22. Rfd1 Ba5 23. Nc4 Bxc4 24. Rxc4 Bc7 25. Bxc7 Rxc7 26.
Kf2 e5 27. f5 Kf7 28. Ke3 Ree7 29. Rd8 Rcd7 30. Rh8 h6 31. Rg4 Kf6 32. h4 Kxf5 33.
Rg3 e4 34. Ke2 Kf4 35. Rg6 e3 36. Rf8+ Ke4 37. Rf3 Rd2+ 38. Ke1 Rxb2 39. Rd6 Rb1+ 40. Ke2 Rb2+ 41. Ke1 Rb5 42. Ke2 Rb2+ 43. Ke1 1/2-1/2

[Event "*** SCC Grand Prix: Titled Tuesday Blitz"]
[Site "Chess.com"]
[Date "2020.10.13"]
[Round "8"]
[White "eljanov"]
[Black "Tooweak2slow03"]
[Result "1-0"]
[WhiteElo "2865"]
[BlackElo "2771"]
[TimeControl "180+1"]
[EndTime "11:33:53 PDT"]
[Termination "eljanov won by resignation"]

1. Nf3 e6 2. g3 b6 3. Bg2 Bb7 4. d4 f5 5. O-O Nf6 6. c4 Be7 7.
d5 O-O 8. Nd4 Qc8 9. Nc3 a5 10. e4 fxe4 11. Nxe4 Na6 12. Bg5 Nc5 13. Nxc5 Bxc5 14. Nb3 exd5 15. Nxc5 bxc5 16. cxd5 d6 17. Re1 Qd7 18. Re6 Rae8 19. Qb3 Bc8 20. Rae1 Qf7 21. Bxf6 gxf6 22. Bh3 Bxe6 23. Bxe6 Rxe6 24. dxe6 Qe7 25. Qd5 f5 26. f4 Rf6 27. Kg2 Kg7 28. h3 c6 29. Qb3 d5 30. Qe3 d4 31. Qe5 d3 32.
Kf3 d2 33. Rd1 Qxe6 34. Rxd2 Qf7 35. Rd6 Kg6 36. Qxf6+ Qxf6 37. Rxf6+ Kxf6 38. g4 Ke6 39. b3 Kf6 40. Ke3 Ke6 41. Kd3 fxg4 42. hxg4 Kd5 43. a4 Ke6 44. Kc4 Kd6 45. f5 h6 46. Kc3 Ke5 47. Kd3 Kd5 48. Kd2 Kd6 49. Kc2 Ke5 50.
Kc3 Kd5 51. Kd3 Ke5 52. Ke3 Kd5 53. Kf4 Kd6 54. g5 hxg5+ 55. Kxg5 Ke7 56. Kg6 c4 57. bxc4 1-0

[Event "*** SCC Grand Prix: Titled Tuesday Blitz"]
[Site "Chess.com"]
[Date "2020.10.13"]
[Round "8"]
[White "margarita_2703"]
[Black "TST2014"]
[Result "1-0"]
[WhiteElo "2409"]
[BlackElo "2524"]
[TimeControl "180+1"]
[EndTime "11:33:53 PDT"]
[Termination "margarita_2703 won by checkmate"]

1. Nf3 Nf6 2. c4 g6 3. Nc3 Bg7 4. e4 O-O 5. d4 d6 6. Be2 e5 7.
O-O Nc6 8. d5 Ne7 9. b4 Nh5 10. g3 Bh3 11. Re1 h6 12. Nd2 Nf6 13. c5 Qd7 14. a4 Ng4 15. Nc4 f5 16. f3 Nf6 17. b5 b6 18. cxd6 cxd6 19. Ba3 Rac8 20. Rc1 Rc5 21. Bxc5 bxc5 22. a5 h5 23. b6 axb6 24. axb6 Bh6 25. Rb1 fxe4 26. fxe4 Ng4 27. b7 Rb8 28. Qa4 Qd8 29. Bxg4 Bxg4 30. Rb6 Qc7 31. Nb5 Qd7 32. Rxd6 Qxb7 33. Rb6 Qc8 34. Rxb8 Qxb8 35. Nbd6 h4 36. Qe8+ Qxe8 37. Nxe8 Bg5 38.
Nxe5 Bc8 39. d6 Kf8 40. Nc7 Bd2 41. Rf1+ Nf5 42. exf5 Bb7 43. Nxg6+ Kg7 44. d7 Be3+ 45. Rf2 c4 46. d8=Q hxg3 47. hxg3 c3 48. Qf8+ Kh7 49. Qh8# 1-0

[Event "*** SCC Grand Prix: Titled Tuesday Blitz"]
[Site "Chess.com"]
[Date "2020.10.13"]
[Round "8"]
[White "Zhigalko_Sergei"]
[Black "Anton_Demchenko"]
[Result "0-1"]
[WhiteElo "2917"]
[BlackElo "2828"]
[TimeControl "180+1"]
[EndTime "11:33:54 PDT"]
[Termination "Anton_Demchenko won on time"]

1. e4 g6 2. d4 d6 3. Nc3 Bg7 4.
Nf3 Nf6 5. h3 a6 6. Be3 Nc6 7. d5 Na7 8. Qd2 O-O 9. Bh6 Nb5 10.
Bxg7 Kxg7 11. Bxb5 axb5 12. O-O b4 13. Ne2 Nxe4 14. Qxb4 Nf6 15. Nf4 c6 16. c4 Qa5 17.
Qb3 Qa4 18. Qc3 Bd7 19. Rfe1 Rfe8 20. b3 Qa5 21. Qb2 Kg8 22. Rxe7 Rxe7 23. Qxf6 Qd8 24. Qxd6 Bf5 25. Qb4 Re4 26. Qd2 Qd6 27. g3 Rd8 28.
Rd1 Qf6 29. Kh2 Bc8 30. Nd4 h5 31. Qa5 h4 32. Qc7 hxg3+ 33. fxg3 Rde8 34. Nf3 Re2+ 35. Kg1 Rxa2 36. dxc6 bxc6 37. Qd6 Qxd6 38. Rxd6 Bf5 39. Rd1 Be4 40. Ng5 Bf5 41. g4 Bc8 0-1

[Event "*** SCC Grand Prix: Titled Tuesday Blitz"]
[Site "Chess.com"]
[Date "2020.10.13"]
[Round "8"]
[White "C_K_G"]
[Black "Loy_Konstantin"]
[Result "0-1"]
[WhiteElo "2053"]
[BlackElo "2358"]
[TimeControl "180+1"]
[EndTime "11:33:54 PDT"]
[Termination "Loy_Konstantin won by resignation"]

1. e4 c5 2. Nf3 d6 3. d4 cxd4 4. Nxd4 Nf6 5. Nc3 g6 6. Be2 Bg7 7. O-O O-O 8. Be3 Nc6 9. Qd2 d5 10. exd5 Nxd5 11. Nxd5 Nxd4 12. Bc4 Nc6 13. Bg5 Bf5 14.
Rfe1 Kh8 15. c3 h6 16. Bxh6 e6 17. Nb4 Qxd2 18. Bxd2 Nxb4 19. cxb4 Bxb2 20. Rad1 Bc2 21. Rc1 Bxc1 22. Bxc1 Rac8 23. Bb2+ Kh7 24. Bf1 Rfd8 25. Re3 Bf5 26. f3 Rc2 27. Be5 Rcd2 28. g4 Bd3 29. f4 Bxf1 30. Kxf1 R8d3 31. Re4 Rxh2 32. f5 Rhh3 33. fxg6+ Kxg6 34. Ke2 Ra3 35. Rf4 Rxa2+ 36. Ke1 Rh1+ 37. Rf1 Rxf1+ 38. Kxf1 Ra4 39. Bd6 Ra3 40. Kg2 Rb3 41. Be7 b6 42. g5 a5 43.
bxa5 bxa5 0-1

[Event "*** SCC Grand Prix: Titled Tuesday Blitz"]
[Site "Chess.com"]
[Date "2020.10.13"]
[Round "8"]
[White "Ginger_GM"]
[Black "Balla_Tamas"]
[Result "1-0"]
[WhiteElo "2606"]
[BlackElo "2459"]
[TimeControl "180+1"]
[EndTime "11:33:55 PDT"]
[Termination "Ginger_GM won by resignation"]

1. c4 c5 2. Nc3 Nc6 3. g3 g6 4. Bg2 Bg7 5. e4 e6 6. Nge2 Nge7 7. O-O O-O 8. d3 d6 9. Rb1 Rb8 10. a3 b6 11. b4 Bb7 12. b5 Nd4 13. Nxd4 cxd4 14.
Na2 d5 15. cxd5 exd5 16. e5 Bxe5 17. Nb4 Rc8 18. Re1 f6 19. Bb2 Nf5 20. Qb3 Rc5 21.
a4 Qd7 22. Re2 Rfc8 23. Rbe1 R8c7 24. h4 Rc8 25. h5 Qd6 26. f4 Bxf4 27. gxf4 Qxf4 28.
Rf2 Qg3 29. Qd1 Nh4 30. Qe2 Rf8 31. Bxd4 Rc7 32. Qe6+ Rcf7 33. Bxf6 Bc8 34. Qxd5 Nxg2 35. Qxg2 Qxg2+ 36. Rxg2 Rxf6 37. Nd5 h6 38. Nxf6+ Rxf6 39. Rxg6+ Rxg6+ 40. hxg6 Kg7 41. Re8 Bf5 42. Re7+ Kxg6 43.
Rxa7 Bxd3 44. Ra6 Kf5 45. Rxb6 Bc2 46. a5 Be4 47. a6 Ke5 48. Rxh6 Kd4 49. b6 1-0

[Event "*** SCC Grand Prix: Titled Tuesday Blitz"]
[Site "Chess.com"]
[Date "2020.10.13"]
[Round "8"]
[White "Korchmar_Vasiliy"]
[Black "bakki78"]
[Result "1-0"]
[WhiteElo "2600"]
[BlackElo "2741"]
[TimeControl "180+1"]
[EndTime "11:33:56 PDT"]
[Termination "Korchmar_Vasiliy won by resignation"]

1. d4 Nf6 2. Nf3 g6 3. Bg5 Bg7 4. Nbd2 O-O 5. e3 d6 6. Bd3 Nc6 7. c3 h6 8. Bh4 e5 9. O-O Re8 10. e4 g5 11. Bg3 g4 12. dxe5 dxe5 13. Ne1 Nh5 14. Bb5 Nxg3 15. hxg3 h5 16. Nc4 Qg5 17. Ne3 Be6 18. Bxc6 bxc6 19. Qa4 Bd7 20. Nd3 Red8 21. Nc5 Be8 22. Rad1 Bf8 23. Qc4 Rd6 24. Nf5 Rxd1 25.
Rxd1 Rd8 26. Rxd8 Qxd8 27. Nd3 Qf6 28. Qa6 Bd7 29. Qxa7 Bxf5 30. exf5 Qxf5 31. Qe3 e4 32. Nf4 Bc5 33. Qd2 Kg7 34. b4 Bd6 35. Qd4+ Be5 36. Qe3 h4 37. a4 hxg3 38. fxg3 Bxf4 39. Qxf4 Qe6 40. Qe3 f5 41. a5 Kg6 42. a6 Qa2 43. a7 Qa1+ 44. Kh2 Qa6 45. Qc5 Qa4 46. c4 Qa6 47. b5 cxb5 48. cxb5 Qa5 49. Qc6+ Kg5 50.
a8=Q Qd2 51. Qg8+ 1-0

[Event "*** SCC Grand Prix: Titled Tuesday Blitz"]
[Site "Chess.com"]
[Date "2020.10.13"]
[Round "8"]
[White "Iskusnyh"]
[Black "Snegokhod"]
[Result "1/2-1/2"]
[WhiteElo "2568"]
[BlackElo "2436"]
[TimeControl "180+1"]
[EndTime "11:33:56 PDT"]
[Termination "Game drawn by repetition"]

1. d4 Nf6 2. c4 g6 3. g3 Bg7 4.
Bg2 d5 5. cxd5 Nxd5 6. Nf3 O-O 7. O-O Nc6 8. e4 Nb6 9. d5 Na5 10. Qe1 Nac4 11. Nc3 c6 12. b3 Ne5 13. Nxe5 Bxe5 14. Bh6 Re8 15. Rd1 Qc7 16. f4 Bh8 17. e5 cxd5 18.
Nxd5 Nxd5 19. Bxd5 Bg4 20. Rc1 Qb6+ 21. Qf2 Qa6 22.
Rc7 Rab8 23. Rfc1 Be6 24. Bg2 Bg7 25. Bxg7 Kxg7 26. h3 Rec8 27. Kh2 b6 28. Qb2 Rxc7 29. Rxc7 Rd8 30. Rxe7 Qa5 31. b4 Qa4 32. Rc7 Qd1 33. Rc2 Qe1 34. a3 Rd1 35. g4 Qg1+ 36. Kg3 Rd3+ 37.
Kh4 Qe1+ 38. Rf2 h6 39. Qe2 Qc3 40. Rf3 g5+ 41. fxg5 hxg5+ 42. Kxg5 Qc1+ 43. Kh4 Rd2 44. Qe3 Qb2 45. Qg5+ Kf8 46. Qd8+ Kg7 47. Qf6+ Kg8 48. Qg5+ Kf8 49. Qd8+ Kg7 50. Qg5+ Kf8 1/2-1/2

[Event "*** SCC Grand Prix: Titled Tuesday Blitz"]
[Site "Chess.com"]
[Date "2020.10.13"]
[Round "8"]
[White "Siemba"]
[Black "sjam6687"]
[Result "0-1"]
[WhiteElo "2416"]
[BlackElo "2563"]
[TimeControl "180+1"]
[EndTime "11:33:56 PDT"]
[Termination "sjam6687 won on time"]

1. e4 e5 2. Nc3 Nc6 3. Nf3 Nf6 4. Rb1 Bb4 5. Nd5 Bc5 6. b4 Bb6 7. a4 Nxe4 8. Nxb6 axb6 9. b5 Nd4 10. Nxd4 exd4 11.
Bd3 Nf6 12. O-O O-O 13. Bb2 c5 14. c3 dxc3 15. Bxc3 d5 16. Bxf6 Qxf6 17. Qh5 g6 18. Qxd5 Rxa4 19. Qb3 Rb4 20. Qc2 Rxb1 21. Rxb1 Rd8 22.
Be4 Qd4 23. d3 f5 24. Bf3 Qxd3 25. Qa2+ Kg7 26. Qa1+ Qd4 27. Qa7 c4 28. g3 c3 29.
Kg2 c2 30. Rc1 Qb2 31. Qxb6 Rd7 32. Qe3 h5 33. h4 b6 34. Re1 Bb7 35. Bxb7 Rxb7 36.
Rc1 Kh7 37. Qd2 Qxb5 38. Rxc2 Rd7 39. Qc1 Qd5+ 40. Kh2 b5 41. Rb2 Qc4 42. Qb1 f4 0-1

[Event "*** SCC Grand Prix: Titled Tuesday Blitz"]
[Site "Chess.com"]
[Date "2020.10.13"]
[Round "8"]
[White "Piotrek1979"]
[Black "Srisshhhtea"]
[Result "0-1"]
[WhiteElo "2408"]
[BlackElo "2292"]
[TimeControl "180+1"]
[EndTime "11:33:59 PDT"]
[Termination "Srisshhhtea won on time"]

1. f3 d5 2. d4 e6 3. Bf4 Bd6 4. Qd2 Ne7 5. Nc3 Bxf4 6. Qxf4 Ng6 7. Qg3 c5 8. O-O-O O-O 9. dxc5 Qa5 10. e4 dxe4 11.
fxe4 Nd7 12. Nf3 Nxc5 13. h4 Rd8 14. Rxd8+ Qxd8 15. h5 Nf8 16. h6 Qf6 17. hxg7 Qxg7 18. Qd6 b6 19. Rh3 Bb7 20. Rg3 Ng6 21. Ne5 Nxe4 22. Nxe4 Bxe4 23. Nd7 Rc8 24. c3 Qh6+ 25. Qd2 Qxd2+ 26. Kxd2 Rd8 27. Ke3 Bb1 28. Bb5 Bxa2 29. Rh3 Kg7 30. g4 Bd5 31. g5 a6 32. Bd3 Rxd7 33. Bxg6 hxg6 34. Kf4 b5 35. Ke5 Bc4 36. Ke4 a5 37. Ke5 a4 38. Rg3 Rd2 39. Rf3 Rxb2 40.
Kd6 a3 41. Ke7 e5 42. Rf1 Bxf1 0-1

[Event "*** SCC Grand Prix: Titled Tuesday Blitz"]
[Site "Chess.com"]
[Date "2020.10.13"]
[Round "8"]
[White "Gabix_94"]
[Black "Maksimus1998"]
[Result "1-0"]
[WhiteElo "2789"]
[BlackElo "2609"]
[TimeControl "180+1"]
[EndTime "11:34:00 PDT"]
[Termination "Gabix_94 won by resignation"]

1. Nf3 Nf6 2. c4 c6 3. d4 d5 4. Qc2 dxc4 5. Qxc4 Bg4 6. Nbd2 e6 7. g3 Nbd7 8. Bg2 Be7 9. O-O O-O 10. Qb3 Qb6 11.
h3 Bh5 12. Qc2 Rfd8 13. Nc4 Qa6 14. b3 Bg6 15. Qb2 h6 16. Nfe5 Nxe5 17. Nxe5 Be4 18. f3 Bh7 19. e4 Nd7 20. Nxd7 Rxd7 21. Be3 Rad8 22. Kh2 Bf6 23. e5 Be7 24. f4 Qd3 25.
Qf2 Qc2 26. Qg1 Be4 27. Rf2 Qc3 28. Qc1 Qxc1 29. Rxc1 Bxg2 30. Kxg2 Rd5 31. Kf3 f6 32. g4 Kf7 33. Ke4 g6 34. Rg1 f5+ 35. Kf3 c5 36. gxf5 gxf5 37. Rfg2 cxd4 38. Rg7+ Ke8 39. Bd2 Rc8 40.
R1g6 Rc2 41. Rxe6 Rxd2 42. Rexe7+ Kf8 43. Rgf7+ Kg8 44. Rg7+ Kf8 45. Ref7+ Ke8 46. e6 Rd3+ 47. Ke2 Re3+ 48. Kd2 Rxe6 49. Rxb7 Kf8 50. Rh7 Kg8 51. Rxa7 d3 52. Rhe7 Rxe7 53. Rxe7 Rd4 54. Re5 Rxf4 55. Kxd3 Rf3+ 56. Kc4 f4 57. a4 Rxh3 58. Rf5 f3 59. a5 Kg7 60. b4 Kg6 61. Rf8 Kg5 62. Kb5 Kg4 63. a6 Rh5+ 64. Kb6 Rf5 65. Rxf5 Kxf5 66.
a7 f2 67. a8=Q 1-0

[Event "*** SCC Grand Prix: Titled Tuesday Blitz"]
[Site "Chess.com"]
[Date "2020.10.13"]
[Round "8"]
[White "Oleksandr_Bortnyk"]
[Black "Ermito2020"]
[Result "1-0"]
[WhiteElo "2891"]
[BlackElo "2677"]
[TimeControl "180+1"]
[EndTime "11:34:01 PDT"]
[Termination "Oleksandr_Bortnyk won by resignation"]

1. e4 e6 2. d4 d5 3. Nc3 Bb4 4. Ne2 Nc6 5. a3 Ba5 6. e5 Nge7 7. b4 Bb6 8. Na4 O-O 9. Bg5 h6 10. Bh4 Qe8 11. Nxb6 axb6 12. f4 Nf5 13. Bf2 f6 14. g4 Nfe7 15. exf6 Rxf6 16. Bg2 Ng6 17. Bg3 Bd7 18. O-O Nce7 19. Nc1 Bb5 20. Nd3 Qf7 21. Ne5 Qf8 22. Qd2 Nxe5 23. dxe5 Bxf1 24. exf6 Bxg2 25. fxe7 Qf6 26. Re1 Be4 27. Rxe4 dxe4 28. Qd7 Qf7 29. Qd8+ Qe8 30. Bh4 g5 31.
Qxe8+ Rxe8 32. fxg5 Rxe7 33. gxh6 Rd7 34. Bg5 Rd5 35. h4 Rd4 36. Be3 Rc4 37. g5 Rxc2 38. g6 e5 39. h7+ Kg7 40. h5 Re2 41. Bg5 e3 42. Bf6+ Kxf6 43. h8=Q+ Kg5 44. Qxe5+ Kg4 45.
g7 Re1+ 46. Kg2 Re2+ 47. Kf1 Rf2+ 48. Ke1 Rg2 49. g8=Q+ 1-0

[Event "*** SCC Grand Prix: Titled Tuesday Blitz"]
[Site "Chess.com"]
[Date "2020.10.13"]
[Round "8"]
[White "German_Bazeev"]
[Black "Yashasd1995"]
[Result "0-1"]
[WhiteElo "2703"]
[BlackElo "2612"]
[TimeControl "180+1"]
[EndTime "11:34:02 PDT"]
[Termination "Yashasd1995 won on time"]

1. d4 Nf6 2. Nf3 e6 3. c4 b6 4. Nc3 Bb4 5. Bg5 Bb7 6. Nd2 Bxc3 7. bxc3 h6 8. Bh4 d6 9. f3 Nbd7 10. e4 Qe7 11. Be2 g5 12. Bf2 Nh5 13. Nf1 Nf4 14.
Ne3 c5 15. Bf1 h5 16. g3 Ng6 17. Bg2 Rc8 18. Qd2 h4 19. Rd1 h3 20. Bf1 f5 21.
Bd3 fxe4 22. fxe4 Nf6 23. e5 Ne4 24. Qc2 Nxf2 25. Bxg6+ Kd8 26. exd6 Qg7 27. O-O Nxd1 28. Rxd1 cxd4 29. cxd4 Rf8 30. Be4 Bxe4 31. Qxe4 Qf7 32. Rf1 Qg7 33. Rxf8+ Qxf8 34. Qxe6 Rc6 35. Nf5 Qe8 36. Qf6+ Kd7 37. Qg7+ Kd8 38. Qxg5+ Kd7 39. Qg7+ Kd8 40. Qg5+ Kd7 41. Ne7 Rxd6 42. c5 bxc5 43. dxc5 Rd1+ 0-1

[Event "*** SCC Grand Prix: Titled Tuesday Blitz"]
[Site "Chess.com"]
[Date "2020.10.13"]
[Round "8"]
[White "tsvet2005"]
[Black "SilviusTiberius"]
[Result "1-0"]
[WhiteElo "2716"]
[BlackElo "2589"]
[TimeControl "180+1"]
[EndTime "11:34:03 PDT"]
[Termination "tsvet2005 won by checkmate"]

1. d4 Nf6 2. c4 g6 3. Nc3 Bg7 4. e4 d6 5. Be2 O-O 6. Be3 e5 7.
d5 Na6 8. h4 Nc5 9. Qc2 c6 10.
h5 cxd5 11. cxd5 Bd7 12. b4 Ncxe4 13. Nxe4 Nxe4 14. Qxe4 f5 15. Qh4 Bf6 16. Qh2 g5 17. Rd1 a5 18. Nf3 axb4 19. O-O Rxa2 20. Rd2 b3 21.
Rb1 f4 22. Rxb3 Ra1+ 23. Rd1 Rxd1+ 24. Bxd1 fxe3 25. Rxe3 g4 26. Ne1 Bg5 27. Re4 Bf5 28. Ra4 Qb6 29. Qg3 Qb1 30. Qb3 Qc1 31. Ra2 Be4 32. Nd3 Qc7 33. Bxg4 Bxd3 34. Qxd3 Qc1+ 35.
Bd1 e4 36. Qb3 e3 37. f3 e2 38. Rxe2 Qc5+ 39. Kh1 Bf6 40. Qd3 Bd4 41. Qe4 Qc3 42.
Qe6+ Kh8 43. Qxd6 Bf6 44. Qxf8# 1-0

[Event "*** SCC Grand Prix: Titled Tuesday Blitz"]
[Site "Chess.com"]
[Date "2020.10.13"]
[Round "8"]
[White "bocah_sakit"]
[Black "WildBizon"]
[Result "0-1"]
[WhiteElo "2852"]
[BlackElo "2646"]
[TimeControl "180+1"]
[EndTime "11:34:04 PDT"]
[Termination "WildBizon won by resignation"]

1. e4 c5 2. Nf3 Nc6 3. Bb5 g6 4. O-O Bg7 5. Re1 Nf6 6. e5 Nd5 7.
Bxc6 dxc6 8. d3 h6 9. Nbd2 g5 10. Nf1 Bg4 11. Ng3 e6 12. h3 Bxf3 13. Qxf3 Qc7 14.
Qe2 Rg8 15. Nh5 Bh8 16. c4 Ne7 17. a3 Ng6 18. Nf6+ Bxf6 19. exf6 O-O-O 20. Be3 Nf4 21. Qc2 g4 22. h4 Nxd3 23. Red1 Ne5 24. Rxd8+ Qxd8 25. Bxc5 Qxf6 26. Qe4 Nf3+ 27. gxf3 Qxh4 28. f4 g3 29.
fxg3 Rxg3+ 30. Kf1 Qh3+ 31. Ke2 Qg4+ 32. Kf2 Qh4 33. Ke2 Qh5+ 34. Kd2 Qxc5 35. Re1 h5 36. Kc1 h4 37. Kb1 h3 38. Rd1 h2 39. Qh7 Qf5+ 40. Qxf5 exf5 41. Kc2 Rg1 42. Rd2 h1=Q 43. Kc3 Rc1+ 44.
Kb3 Qe4 45. Ka2 Qxc4+ 46. b3 Rc2+ 47. Rxc2 Qxc2+ 48. Ka1 Kd7 49. a4 Qxb3 50. a5 Qb4 51. a6 bxa6 52. Ka2 Kd6 53. Ka1 Kd5 0-1

[Event "*** SCC Grand Prix: Titled Tuesday Blitz"]
[Site "Chess.com"]
[Date "2020.10.13"]
[Round "8"]
[White "Cocaino74"]
[Black "chenxiaoyuer"]
[Result "1-0"]
[WhiteElo "2402"]
[BlackElo "2519"]
[TimeControl "180+1"]
[EndTime "11:34:05 PDT"]
[Termination "Cocaino74 won by checkmate"]

1. e4 c5 2. Nf3 d6 3. Bb5+ Nd7 4. O-O Nf6 5. Bd3 e6 6. c3 Be7 7. Bc2 O-O 8. d4 cxd4 9. cxd4 d5 10. e5 Ne4 11.
Nc3 Nxc3 12. bxc3 f5 13. exf6 Nxf6 14. Ne5 Bd6 15. Bg5 Qe8 16. f4 Bd7 17. Qd3 Bb5 18. Qh3 Ne4 19. Rfe1 Bxe5 20. Rxe4 dxe4 21. Bxe4 g6 22.
fxe5 Bc6 23. Bd3 Qd7 24. Bf6 Bd5 25. Bxg6 hxg6 26. Qh8+ Kf7 27. Qh7+ Ke8 28. Qxg6+ Qf7 29. Qb1 Bc6 30. Qb4 Rg8 31. g3 Qd7 32. d5 exd5 33. Re1 Qe6 34. Qh4 Kd7 35. Qh7+ Ke8 36. Rb1 Rf8 37. Rxb7 Bxb7 38. Qxb7 Rc8 39. Qb5+ Kf7 40.
Qb7+ Kg6 41. Qg7+ Kf5 42. Qh7+ Kg4 43. h3+ Kf3 44. Qd3# 1-0

[Event "*** SCC Grand Prix: Titled Tuesday Blitz"]
[Site "Chess.com"]
[Date "2020.10.13"]
[Round "8"]
[White "Gloomy_Wanderer"]
[Black "Guenplen"]
[Result "1/2-1/2"]
[WhiteElo "2777"]
[BlackElo "2866"]
[TimeControl "180+1"]
[EndTime "11:34:06 PDT"]
[Termination "Game drawn by repetition"]

1. d4 d5 2. c4 e6 3. Nf3 Nf6 4. g3 Be7 5. Bg2 O-O 6. O-O Nbd7 7. Qc2 c6 8. Nbd2 b6 9. e4 dxc4 10. Nxc4 Bb7 11. e5 Nd5 12. a3 c5 13. dxc5 Nxc5 14.
b4 Nd7 15. Bb2 Rc8 16. Qb3 Qc7 17. Rac1 Qb8 18. Rfd1 Rfd8 19. Nd4 a6 20. Nf5 exf5 21.
Bxd5 Bxd5 22. Rxd5 Nf8 23. Ne3 Rxc1+ 24. Bxc1 Rxd5 25. Qxd5 Qc8 26. Bb2 g6 27. Bd4 b5 28. Bc5 Bg5 29. f4 Bd8 30. Qd6 Ne6 31. Nd5 Kg7 32. Kf2 a5 33. Ke3 axb4 34. axb4 Qa8 35. Nf6 Bxf6 36. exf6+ Kh6 37. Qe7 Qa3+ 38. Kf2 Qa2+ 39. Ke3 Qb3+ 40. Kf2 Qc2+ 41. Kg1 Qd1+ 42. Kg2 Qd5+ 43. Kg1 Kh5 44. h3 Qd1+ 45. Kg2 Qe2+ 46. Bf2 Qe4+ 47. Kg1 Qb1+ 48. Kg2 Qe4+ 49. Kg1 Qb1+ 50.
Kg2 Qe4+ 1/2-1/2